Unix NetHack Version 3.7.0-101 Work-in-progress - last build Apr 1 2024 13:39:02 (cf3915abb6dcc6e3362b2b16a766b7b4f6c45fc9,branch:master). Game began 2024-04-04 03:48:15, ended 2024-04-04 19:53:48. Judas, chaotic male elven Priest }} }} }} } } } } }}} }} } } }}... } } }}}}} }}}}}} }}}} }}}} }}}}}}}.... }}}} }} }}} } }}}}} }} }}}}} }} }}}}}}}}}... }}}}} } } }}}} } } }} }}}}} } ...}}}}}}}}}}}} }}}}} }} } }} }....}}}}}}}}} ... }}}}}}}}}} }} }} }}}....}}}}}}}}} ....)}} }}}}}} }}}}}}....}}} .....}}} }}}}} } } } } } } }}}}}}..}} ..D...}}}}} }}}}}} } } }}}}}} }}}..}}}} }} ...N....}}} }}} }}}}}}} } }} ...} } ZZ......}}}}} }}}}} } }}} } } }} ...} ...Z.....}}}}}}}}}}}} }} }} } }}} .... }} .W.@}... }}}}}}}}}}} }}} } } }}} .... }}} %..&.}. }}}}}}}}}}} }}} } } }} }}}}}... }}}} %.}}. }}}}} }}} } } }}}}}}}}} } }} }}}. }}}}}} }}}} }} }}}}} }} }}}} }}}}} }}}}}} }} }} } } } }} } } } } }}} } }} }} }} } Judas the Curate St:25 Dx:15 Co:16 In:8 Wi:17 Ch:9 Chaotic S:207602 Home 6 $:0 HP:0(82) Pw:169(207) AC:-26 Xp:14/106046 T:28317 Latest messages: You see here a blessed magenta potion. m - a blessed magenta potion. The red dragon picks up an engagement ring. Nalzok wields a pronged polearm! Nalzok thrusts a pronged polearm. A pronged polearm misses you. What do you want to use or apply? [bdhklsuvzKNPQTZ or ?*] Z Your lamp is now on. The red dragon bites! The red dragon misses! The red dragon hits! The guardian naga bites! The guardian naga touches you! The guardian naga hits! Nalzok vanishes and reappears next to you. Nalzok bashes with his pronged polearm. Nalzok hits! Nalzok bashes with his pronged polearm. Nalzok hits again! Nalzok casts a spell! Nalzok is suddenly moving faster. Nalzok hits! "So, Curate. Again you challenge me." Where do you want to travel to? (For instructions type a '?') Can't find dungeon feature '<'. Nalzok swings a pronged polearm. A pronged polearm misses you. Nalzok swings a pronged polearm. A pronged polearm misses you. The red dragon breathes fire! The blast of fire whizzes by you! Nalzok vanishes and reappears next to you. Nalzok bashes with his pronged polearm. Nalzok hits! Nalzok bashes with his pronged polearm. Nalzok misses! Nalzok casts a spell at you! You feel as if you need some help. You feel a malignant aura surround you. Nalzok misses! "So, Curate. Again you challenge me." Nalzok vanishes and reappears next to you. Nalzok bashes with his pronged polearm. Nalzok hits! Nalzok bashes with his pronged polearm. Nalzok hits again! You die... Do you want your possessions identified? [ynq] (y) y Do you want to see your attributes? [ynq] (y) q Inventory: Amulets M - a cursed amulet of reflection (being worn) Weapons t - a blessed rustproof +7 aklys (tethered to right hand) a - a blessed +3 mace Armor G - a blessed greased +2 dwarvish iron helm (being worn) V - a blessed rustproof +1 pair of gauntlets of power (being worn) J - a blessed +1 pair of iron shoes (being worn) W - a fireproof +4 small shield (being worn) R - a blessed greased fireproof +4 robe (being worn) X - a +1 gray dragon scale mail (being worn) Comestibles r - a food ration Potions m - a blessed potion of restore ability Rings w - a cursed ring of conflict E - a ring of invisibility A - a ring of teleport control (on left hand) Wands Q - a wand of cancellation (0:1) K - a wand of digging (1:1) N - a wand of fire (1:4) u - a wand of teleportation (0:1) T - a wand of wishing (1:3) Tools b - an oilskin sack containing 39 items d - a bugle z - a tooled horn P - a blindfold v - a can of grease (0:15) l - an expensive camera (0:53) s - a magic whistle Z - an oil lamp (lit) k - a skeleton key h - a blessed +0 unicorn horn Gems/Stones o - a luckstone Contents of the oilskin sack: 4494 gold pieces a blessed +2 pair of leather gloves a +1 cloak of magic resistance a blessed +2 dwarvish cloak a blessed +0 mummy wrapping a slime mold a sprig of wolfsbane 3 eggs a scorpion egg a lizard corpse 3 blessed scrolls of blank paper 2 cursed scrolls of blank paper a blessed scroll of charging a cursed scroll of destroy armor a scroll of earth a blessed scroll of remove curse 3 scrolls of scare monster a cursed scroll of teleportation a blessed potion of object detection a potion of oil 5 potions of holy water a potion of water 3 potions of unholy water a wand of enlightenment (1:4) a wand of polymorph (0:1) a wand of teleportation (1:6) a magic marker (1:50) a magic marker (0:40) an agate stone an amber stone 3 amethyst stones 4 chrysoberyl stones 3 diamonds 3 dilithium crystals 10 emeralds 4 garnet stones a jet stone an obsidian stone 3 turquoise stones Judas the Priest's attributes: Background: You were a Curate, a level 14 elven Priest. You were chaotic, on a mission for Set who was opposed by Mitra (lawful) and Crom (neutral). You were right-handed. You were in the Quest, on level 6. You entered the dungeon 28317 turns ago. You had 106046 experience points, 53954 more were needed to attain level 15. Your score was 207602 before end-of-game adjustments. Basics: You had 0 out of 82 hit points. You had 169 out of 207 energy points (spell power). Your armor class was -26. Your wallet was empty, but you had 4494 zorkmids stashed away in your pack. Autopickup was off. Final Characteristics: Your strength was 25 (base:18, innate limit:18). Your dexterity was 15 (limit:18). Your constitution was 16 (limit:16). Your intelligence was 8 (limit:20). Your wisdom was 17 (peak:18, limit:20). Your charisma was 9 (limit:18). Final Status: You weren't hungry. You were unencumbered. You were wielding a club. You had expert skill with club. Final Attributes: You were piously aligned. You were magic-protected. You were fire resistant. You were cold resistant. You were sleep resistant. You were shock resistant. You were poison resistant. You saw invisible. You were telepathic. You had infravision. You could teleport. You had teleport control. You had a moderate defense bonus (+6). You were guarded. You were fast. You had reflection. You were extremely lucky. You had extra luck. Bad luck did not time out for you. Good luck did not time out for you. You are dead. Miscellaneous: You encountered 1 bones level. Total elapsed playing time was 11 hours, 50 minutes and 8 seconds. Major events: Turn 1: Judas the chaotic elven Priest entered the dungeon 957: entered the Gnomish Mines 975: attained the rank of Acolyte (level 3) 2044: reached Mine Town 2341: attained the rank of Adept (level 6) 3594: entered Sokoban 4095: completed 1st Sokoban level 6312: stole 20 zorkmids worth of merchandise from Djombang's delicatessen 8562: acquired the Mines' End luckstone 10858: completed 2nd Sokoban level 11214: attained the rank of Priest (level 10) 11267: completed 3rd Sokoban level 12032: completed 4th Sokoban level 12624: acquired the Sokoban amulet of reflection 13688: performed his first genocide (shocking spheres) 15633: killed Djombang, the delicatessen proprietrix 17606: entered the Bigroom 20631: destroyed WizzyTheWeird's ghost, the former Thaumaturge 22554: attained the rank of Curate (level 14) 28230: made his first wish - "marker", got "a magic marker" 28288: wished for "3 holy charging", got "3 blessed scrolls labeled ABRA KA DABRA" 28317: killed by Nalzok Vanquished creatures: 2 gray dragons a red dragon a blue dragon a Nazgul a guardian naga a genetic engineer a shopkeeper a captain 2 liches a nurse a frost giant 2 ettins 2 golden nagas 2 lieutenants a watch captain 7 ghosts 3 winged gargoyles 2 long worms 2 zruties an ogre tyrant an ice troll a rock troll an umber hulk a flesh golem an elven monarch a doppelganger 4 couatls 3 stalkers an air elemental a fire elemental 2 earth elementals a water elemental 3 hill giants 2 giant mummies 2 black nagas 3 xorns 3 giant zombies 7 sergeants a barbed devil 4 wargs 4 small mimics a glass piercer 3 xans 2 ettin mummies 2 ogre leaders 2 quantum mechanics 6 trolls a sasquatch 3 wood golems 4 sharks an electric eel 4 gelatinous cubes a pyrolisk 4 freezing spheres 3 flaming spheres a shocking sphere 2 large cats 3 tigers 5 gargoyles 2 dwarf rulers 4 tengu an ochre jelly 3 leocrottas a mountain centaur a stone giant an elf mummy 4 human mummies a python a pit viper a cobra 12 wraiths a carnivorous ape 6 ettin zombies 3 leather golems a Grey-elf 44 soldiers 4 watchmen 4 chameleons 3 crocodiles 3 giant beetles 6 quivering blobs 2 cockatrices 3 wolves 4 winter wolf cubs a panther 5 leprechauns 5 iron piercers 3 mumakil 5 giant spiders 2 scorpions 4 horses 2 ice vortices 3 black lights 2 vampire bats 2 forest centaurs 2 gnome rulers 3 orc mummies 7 dwarf mummies an ogre 2 brown puddings 5 rust monsters 8 owlbears 4 yetis a gold golem a werewolf 6 giant eels 9 lizards 8 chickatrices 3 dingoes 2 dogs 2 housecats 3 jaguars 7 dwarf leaders 3 blue jellies a white unicorn 3 dust vortices 3 ravens 4 plains centaurs a Kop Kaptain 4 gnome mummies 4 snakes 4 water moccasins 6 apes 23 human zombies a rope golem 10 soldier ants 3 fire ants 12 bugbears 3 quasits 3 wood nymphs 3 water nymphs 4 mountain nymphs 12 Mordor orcs 3 Uruk-hai 3 orc shamans 5 rock piercers 4 rock moles a pony a fog cloud 5 yellow lights 2 shriekers a violet fungus 26 gnome leaders 10 gnomish wizards a Kop Lieutenant 4 gray oozes a barrow wight 4 elf zombies 3 ghouls a straw golem 3 paper golems 18 giant ants 8 floating eyes 3 kittens 22 dwarves a kobold leader 2 kobold shamans 11 hill orcs 6 rothes 2 rabid rats 2 centipedes 2 giant bats 4 Kop Sergeants 5 orc zombies 4 dwarf zombies a werejackal 11 iguanas 21 killer bees 19 acid blobs 4 coyotes a gas spore 5 hobbits 13 manes 4 large kobolds 20 hobgoblins a giant rat 6 cave spiders 3 yellow molds a green mold 3 red molds 86 gnomes 9 Keystone Kops 2 garter snakes a gnome zombie 5 geckos 2 jackals 4 foxes 3 kobolds 7 goblins 2 sewer rats 6 grid bugs 4 bats 7 lichens 5 kobold zombies 10 newts 895 creatures vanquished. Genocided species: shocking spheres 1 species genocided. Voluntary challenges: You read items or engraved 86 times. You engraved Elbereth 11 times. You genocided 1 type of monster. You never changed form. You used 2 wishes. You did not wish for any artifacts. You did not violate any of the special Sokoban rules. Achievements: You entered the Gnomish Mines. You attained the rank of Acolyte. You entered Minetown. You entered a shop. You entered a temple. You attained the rank of Adept. You entered Sokoban. You completed the Gnomish Mines. You attained the rank of Priest. You completed Sokoban. You entered the Big Room. You attained the rank of Curate. You learned the tune to open and close the Castle's drawbridge. The Dungeons of Doom: levels 1 to 25 Level 1: An altar. Level 2: A fountain. Level 3: Some fountains. Level 4: Stairs down to The Gnomish Mines. Level 5: "$" A fountain, a grave. Level 6: A fountain. Level 7: Level 8: Some fountains. Oracle of Delphi. Level 9: A fountain. Stairs up to Sokoban, level 8. Level 10: A temple and an altar, a fountain. Level 11: Level 12: A very big room. Level 13: Level 14: A fountain, a sink. Summoned by the Arch Priest. Portal to The Quest. Level 15: A fountain. Level 16: "WWWWWW" A grave. Level 17: Level 18: A primitive area. Level 19: "ICE BOX" Level 20: Level 21: A grave. Final resting place for WizzyTheWeird-Wiz-Hum-Mal-Neu, killed by an electric eel. Level 22: Level 23: A sink. Level 24: Level 25: A fountain. The castle (play notes "DEGAB" to open or close drawbridge). The Gnomish Mines: levels 5 to 13 Level 5: Level 6: Level 7: A temple and an altar to Set. Level 8: Level 9: Level 10: "leather armor" Level 11: Level 12: Level 13: A fountain. The Quest: levels 1 to 6 Level 1: A temple and an altar to Set, many trees. Given quest by the Arch Priest. Level 2: Many graves. Level 6: <- You were here. Final resting place for you, killed by Nalzok. Sokoban: levels 8 up to 5 Level 5: Solved. Level 6: Solved. Level 7: Solved. Level 8: Solved. Game over: ---------- / \ / REST \ / IN \ / PEACE \ / \ | Judas | | 4494 Au | | killed by Nalzok | | | | | | | | 2024 | *| * * * | * _________)/\\_//(\/(/\)/\//\/|_)_______ Goodbye Judas the Priest... You died in The Quest on dungeon level 6 with 207153 points, and 4494 pieces of gold, after 28317 moves. You were level 14 with a maximum of 82 hit points when you died.